AoeStats
← haffnhaff

Arabia

507197154Analyzed
1v1 RM · 15d ago on Sep 17, 2026· 26m 49s· 2 players
Game mode
Random Map
Map size
Tiny (2 player)
Population
200
Speed
Normal
Resources
Standard
Victory
Conquest
Starting age
Dark Age
Ending age
Imperial Age
RankedLock teamsTeams togetherTeam positionsShared explorationLock speedFull tech treeHidden civsTurbo modeCheats
Victory
Defeat
🇦🇷 Franks · Argentina
1368
+15
🇺🇸 Vietnamese · United States
1341
-15
haffnhaff
7:18 Loom
9:32 Feudal Age
10:12 Double-Bit Axe
11:29 Town Watch
15:04 Fletching
20:49 Castle Age
19:48 Horse Collar
19:59 Gold Mining
21:33 Bodkin Arrow
21:07 Crossbowman
[LAK]ang87
7:10 Loom
9:31 Feudal Age
10:10 Double-Bit Axe
16:26 Wheelbarrow
19:29 Castle Age
18:16 Gold Mining
19:03 Scale Mail Armor
19:13 Forging
20:42 Scale Barding Armor
21:08 Bow Saw
24:32 Chain Barding Armor
Connection lost

Rejoining the realm…

Still unreachable

The connection could not be restored.

Session expired

The server has moved on; the page needs a fresh start.